 Dungeon Crawl Stone Soup version 0.31-a0-662-g684573625c (webtiles) character file.

Game seed: 5893618432783508567

118 subawu the Sneak (level 4, 0/33 HPs)
             Began as a Vampire Brigand on Sept 1, 2023.
             Was a Follower of Makhleb.
             Succumbed to a water moccasin's poison
             ... in a sewer.
             The game lasted 00:07:18 (1760 turns).

subawu the Sneak (Vampire Brigand)                  Turns: 1760, Time: 00:07:19

Health: 0/33       AC:  4    Str: 12    XL:     4   Next: 72%
Magic:  4/4        EV: 12    Int: 13    God:    Makhleb [*.....]
Gold:   121        SH:  0    Dex: 21    Spells: 3/3 levels left

rFire   . . .        o - +3 dagger (elec)
rCold   . . .        (no shield)
rNeg    . . .        b - +1 robe
rPois   .            (no helmet)
rElec   .            c - +0 cloak
rCorr   .            (no gloves)
SInv    +            (no boots)
Will    .....        (no amulet)
Stlth   ++++         j - +6 ring of dexterity
HPRegen 0.45/turn    (no ring)
MPRegen 0.09/turn

%: no passive effects
@: lethally poisoned (0 -> -2), healing quickly
A: alive, fangs 3, see invisible, vampiric 2
a: Exsanguinate, Renounce Religion


You were in a sewer.
You worshipped Makhleb.
Makhleb was aware of your devotion.
You visited 1 branch of the dungeon, and saw 3 of its levels.
You also visited: Sewer.

You collected 121 gold pieces.

Inventory:

Hand Weapons
 a - a +2 dagger
 o - a +3 dagger of electrocution (weapon)
Missiles
 d - 13 poisoned darts
 e - 3 curare-tipped darts
 g - 3 datura-tipped darts (quivered)
Armour
 b - a +1 robe (worn)
 c - a +0 cloak (worn)
Jewellery
 j - a +6 ring of dexterity (left hand)
Talismans
 l - a blade talisman
Scrolls
 f - 2 scrolls of identify
 h - a scroll of silence
Potions
 i - 2 potions of heal wounds
 m - a potion of enlightenment {unknown}


   Skills:
 + Level 2.2 Fighting
 + Level 3.4 Short Blades
 + Level 1.7 Throwing
 + Level 1.7 Dodging
 + Level 7.8 Stealth


You had 3 spell levels left.
You didn't know any spells.
Your spell library was empty.

Dungeon Overview and Level Annotations

Branches:
Dungeon (3/15)              Sewer (1/1)

Altars:
Makhleb


Innate Abilities, Weirdness & Mutations

Your natural rate of healing is accelerated.
You have razor-sharp teeth.
You have supernaturally acute eyesight. (SInv)
You are afflicted with vampirism and can become a bat while bloodless.


Message History

You hit the water moccasin.
The water moccasin is severely wounded.
You feel very sick. The water moccasin bites you.
You barely miss the water moccasin.
The water moccasin is severely wounded.
You feel very sick. The water moccasin misses you.
You hit the water moccasin.
The water moccasin is almost dead.
You feel sick.
The water moccasin bites you but does no damage.
You closely miss the water moccasin.
You bite the water moccasin, but do no damage.
The water moccasin is almost dead.
You feel sick. The water moccasin bites you.
The water moccasin bites you but does no damage.
You closely miss the water moccasin.
The water moccasin is almost dead.
You feel sick. The water moccasin barely misses you.
You miss the water moccasin.
The water moccasin is almost dead.
You feel sick. The water moccasin bites you.
* * * LOW HITPOINT WARNING * * *
You barely miss the water moccasin.
The water moccasin is almost dead.
* * * LOW HITPOINT WARNING * * *
You feel sick. The water moccasin bites you.
* * * LOW HITPOINT WARNING * * *
You hit the water moccasin but do no damage.
The water moccasin is almost dead.
The water moccasin closely misses you.
You barely miss the water moccasin.
The water moccasin is almost dead.
* * * LOW HITPOINT WARNING * * *
You feel sick.
The water moccasin bites you but does no damage.
You hit the water moccasin. Your punch misses the water moccasin.
The water moccasin is almost dead.
You die...

### .... .....
#############.....$
#∩b........@S.....$
########.####.....$
#.# ..... #.# ....
#.# ### #.# #.#
##.## ##...##


You could see a water moccasin.

Vanquished Creatures
  A gnoll (D:2)
  5 adders
  A worm (D:2)
  A dart slug (D:2)
  2 ball pythons (D:1)
  10 bats
  5 endoplasms
  5 giant cockroaches
  8 goblins
  3 hobgoblins
  5 quokkas
  3 frilled lizards
  3 kobolds
  4 rats
56 creatures vanquished.

Notes
Turn   | Place    | Note
-------+----------+-------------------------------------------
     0 | D:1      | subawu the Vampire Brigand began the quest for the Orb.
     0 | D:1      | Reached XP level 1. HP: 16/16 MP: 1/1
    39 | D:1      | Reached skill level 6 in Stealth
    85 | D:1      | Reached XP level 2. HP: 21/22 MP: 2/2
   481 | D:1      | Found a faded altar of an unknown god.
   491 | D:1      | Prayed at the altar of an unknown god.
   491 | D:1      | Became a worshipper of Makhleb the Destroyer
   491 | D:1      | Reached * piety under Makhleb
   555 | D:1      | Gained mutation: You are afflicted with vampirism and can
                  | become a bat while bloodless. [Vampire growth]
   555 | D:1      | Reached XP level 3. HP: 27/27 MP: 3/3
  1033 | D:2      | Reached skill level 7 in Stealth
  1133 | D:2      | Reached XP level 4. HP: 33/33 MP: 4/4
  1671 | D:3      | Found a glowing drain.
  1682 | Sewer    | Entered a sewer
  1745 | Sewer    | Noticed a water moccasin
  1757 | Sewer    | HP: 1/33 [water moccasin (2)]
  1760 | Sewer    | Succumbed to a water moccasin's poison

Illustrated notes

Levels and vault maps discovered:
D:1:      heliophobic_arrival_battle_scene, layout_loops_ring,
          dreamdust_ecumenical_altar_angels_and_demons, minmay_worlds_worst_comb
D:2:      layout_loops_ring, minmay_tripent
D:3:      layout_loops_corners, grunt_gozag_statues, portal_sewer_entry_d,
          uniq_robin, uniq_natasha, uniq_terence
Sewer:    sewer_big_baddie

Skill      XL: |  1  2  3 |
---------------+----------+-----
Stealth        | 6 7 |  7.8
Short Blades   | 3 |  3.4
Fighting       | 2 |  2.2
Throwing       | |  1.7
Dodging        | |  1.7

Action                     |  1- 3 |  4- 6 || total
---------------------------+-------+-------++-------
  Melee: Dagger            |   101 |    56 ||   157
         Bite              |     9 |     6 ||    15
         Punch             |     1 |       ||     1
  Throw: Dart              |     2 |       ||     2
    Use: Scroll            |       |     4 ||     4
   Stab: Sleeping          |     8 |     2 ||    10
 Armour: Robe              |    85 |    52 ||   137
  Dodge: Dodged            |    93 |    62 ||   155

Table legend: (Time is in decaauts)
 A = Elapsed time spent in this place.
 B = Non-inter-level travel time spent in this place.
 C = Inter-level travel time spent in this place.
 D = Time resting spent in this place.
 E = Time spent auto-exploring this place.
 F = Levels seen in this place.
 G = Mean time per level.
                   A        B        C        D        E       F      G
               +--------+--------+--------+--------+--------+-----+--------+
         Total |   1739 |   1665 |     74 |     21 |    784 |   4 |  434.8 |
       Dungeon |   1665 |   1591 |     74 |     21 |    784 |   3 |  555.0 |
         Sewer |     73 |     73 |      0 |      0 |      0 |   1 |   73.0 |
               +--------+--------+--------+--------+--------+-----+--------+

Top non-repeatable levels by time:
     D:1: 849 daAuts
     D:2: 727 daAuts
     D:3: 87 daAuts
   Sewer: 73 daAuts
